 Dungeon Crawl Stone Soup version 0.30-a0-800-g7c544603b3 (webtiles) character file.

Game seed: 16891818910124648483

7325 oldplebian the Cleaver (level 10, -6/91 HPs)
             Began as a Minotaur Berserker on Feb 22, 2023.
             Was a High Priest of Trog.
             Mangled by a komodo dragon (11 damage)
             ... on level 1 of the Lair of Beasts on Feb 23, 2023.
             The game lasted 02:04:21 (11740 turns).

oldplebian the Cleaver (Minotaur Berserker)        Turns: 11740, Time: 02:04:22

Health: -6/91      AC: 16    Str: 24    XL:     10   Next: 90%
Magic:  9/9        EV: 14    Int:  4    God:    Trog [*****.]
Gold:   600        SH:  0    Dex: 12    Spells: 9/9 levels left

rFire   . . .      SeeInvis .    A - +0 battleaxe
rCold   . . .      Faith    .    (shield currently unavailable)
rNeg    . . .      Spirit   .    a - +0 plate armour
rPois   .          Reflect  .    (helmet restricted)
rElec   .          Harm     .    (no cloak)
rCorr   .          Rampage  .    r - +0 pair of gloves
Will    +....                    k - +0 pair of boots Stlth
                                 C - amulet of regeneration
HPRegen 1.15/turn                z - +5 ring of evasion
MPRegen 0.11/turn                M - ring of willpower

@: no status effects
A: horns 2, retaliatory headbutt
a: Renounce Religion, Berserk, Trog's Hand, Brothers in Arms


You were on level 1 of the Lair of Beasts.
You worshipped Trog.
Trog was extremely pleased with you.
You visited 2 branches of the dungeon, and saw 10 of its levels.

You collected 600 gold pieces.

Inventory:

Hand Weapons
 y - a +0 dire flail
 A - a +0 battleaxe (weapon)
 Q - a +0 great sword
 S - a +0 heavy hand axe
 T - a +1 antimagic war axe
Missiles
 h - 4 javelins
 j - 108 stones (quivered)
 q - 3 atropa-tipped darts
 G - 4 curare-tipped darts
Armour
 a - a +0 plate armour (worn)
 k - a +0 pair of boots (worn)
 r - a +0 pair of gloves (worn)
Jewellery
 l - a ring of ice
 z - a +5 ring of evasion (left hand)
 C - an amulet of regeneration (around neck)
 M - a ring of willpower (right hand)
 O - a ring of magical power
 R - a ring of flight
Wands
 v - a wand of polymorph (3)
 J - a wand of flame (31)
Scrolls
 b - 2 scrolls of fear {unknown}
 c - 2 scrolls of amnesia {unknown}
 e - 8 scrolls of identify
 g - 3 scrolls of teleportation {unknown}
 n - a scroll of enchant armour {unknown}
 o - 2 scrolls of poison {unknown}
 u - a scroll of noise {unknown}
 B - 2 scrolls of immolation {unknown}
 E - 3 scrolls of blinking {unknown}
 F - 2 scrolls of enchant weapon {unknown}
 K - a scroll of torment {unknown}
 L - a scroll of acquirement {unknown}
 N - 2 scrolls of magic mapping {unknown}
 P - 4 scrolls of fog {unknown}
Potions
 d - a potion of mutation {unknown}
 f - 3 potions of curing
 i - a potion of magic {unknown}
 m - 2 potions of flight
 p - 2 potions of lignification {unknown}
 s - 4 potions of might
 t - a potion of berserk rage {unknown}
 w - a potion of brilliance {unknown}
 x - a potion of attraction {unknown}
 D - a potion of invisibility {unknown}
 H - 2 potions of heal wounds {unknown}
 I - a potion of degeneration {unknown}


   Skills:
 + Level 9.4 Fighting
 + Level 11.5(12.9) Axes
 + Level 9.5(12.0) Maces & Flails
 + Level 8.5 Armour
 + Level 6.0 Dodging
 + Level 2.5 Stealth
 + Level 1.1 Unarmed Combat


You had 9 spell levels left.
You didn't know any spells.
Your spell library contained the following spells:

 Spells                   Type           Power      Damage    Failure   Level
 Blink                    Tloc           0%         N/A       100%        2
 Ozocubu's Armour         Ice            0%         N/A       100%        3
 Manifold Assault         Tloc           0%         N/A       100%        4
 Ozocubu's Refrigeration  Ice            0%         4d7       100%        7
 Storm Form               Tmut/Air       0%         N/A       100%        7


Dungeon Overview and Level Annotations

Branches:
Dungeon (9/15)             Temple (0/1) D:6            Lair (1/5) D:9
    Orc: D:9-12

Altars:
Cheibriados
Hepliaklqana
Nemelex Xobeh
Ru
Xom

Annotations:
D:6 2 transporters, Dittersdorf's ghost, novice GrFi
D:8 3 runed translucent doors


Innate Abilities, Weirdness & Mutations

You have a pair of horns on your head.
You reflexively headbutt those who attack you in melee.


Message History

Trog accepts your kill.
Your Dodging skill increases to level 6!
You slice the yak!!
The yak is heavily wounded.
You slash the yak! The yak gores you! x2
You hit the yak. Your headbutt misses the yak.
The yak is heavily wounded.
You hit the yak. The yak gores you but does no damage.
The yak closely misses you. You furiously retaliate!
You headbutt the yak! You slice the yak!!
You kill the yak!
Trog accepts your kill.
You slash the yak! The yak gores you!
You closely miss the komodo dragon. Your headbutt misses the komodo dragon.
You closely miss the yak.
The komodo dragon completely misses you.
The yak misses you.
You barely miss the yak.
The yak is almost dead.
You hit the komodo dragon. The komodo dragon bites you!!
A komodo dragon comes into view.
The yak gores you but does no damage. The komodo dragon bites you!
You hit the yak but do no damage.
The yak is almost dead.
You slash the komodo dragon! The yak closely misses you.
The komodo dragon bites you.
You barely miss the yak.
The yak is almost dead.
You closely miss the komodo dragon. The yak gores you but does no damage.
The komodo dragon bites you!
* * * LOW HITPOINT WARNING * * *
You hit the yak. You headbutt the yak.
You kill the yak!
Trog accepts your kill.
You hit the komodo dragon. The komodo dragon bites you!
* * * LOW HITPOINT WARNING * * *
You hit the komodo dragon.
The komodo dragon is lightly wounded.
You barely miss the komodo dragon. The komodo dragon bites you!
You die...

.#. ..# ..# ..#
#### ##..# #..##
#YY.# #...# #ll##
##..## #@#.# #..#.#
#...# #....#
#...##### #...##
##....##^###...#
#..............#
##.......#>....##
####...###...#....#
#.#...## #####....#
#....# #...##


You could see 2 komodo dragons and 2 yaks.

Vanquished Creatures
  Pikel (D:4)
  A cane toad (Lair:1)
  A komodo dragon (Lair:1)
  A hornet (D:9)
  Grinder (D:3)
  A polar bear (D:9)
  5 yaks
  An acid dragon (D:8)
  Duvessa (D:7)
  3 sky beasts
  2 black bears
  6 orc warriors
  An ice beast (D:7)
  3 ogres
  6 centaurs
  4 wolves
  A phantom (D:7)
  A kobold brigand (D:7)
  3 bullfrogs
  4 scorpions
  12 wights
  6 killer bees (D:9)
  Dowan (D:7)
  A howler monkey (D:5)
  2 electric eels (D:9)
  5 orc priests
  Crazy Yiuf (D:7)
  4 hounds
  3 jellies
  4 iguanas
  8 orc wizards
  Natasha (thrice) (D:3)
  A centaur simulacrum (D:9)
  4 gnolls (D:4)
  9 adders
  3 white imps
  2 ufetubi
  4 dart slugs
  33 orcs
  5 ball pythons
  13 endoplasms
  A giant cockroach (D:1)
  11 goblins
  5 hobgoblins
  5 jackals (D:3)
  8 kobolds
  4 quokkas
  6 bats
  5 frilled lizards
  5 rats
  A bush (D:6)
222 creatures vanquished.

Vanquished Creatures (others)
  An orc wizard (D:9)
  7 fungi
  8 plants
16 creatures vanquished.

Grand Total: 238 creatures vanquished

Notes
Turn   | Place    | Note
-------+----------+-------------------------------------------
     0 | D:1      | oldplebian the Minotaur Berserker began the quest for the
                  | Orb.
     0 | D:1      | Reached XP level 1. HP: 19/19 MP: 0/0
    90 | D:1      | Reached XP level 2. HP: 27/27 MP: 1/1
  1012 | D:2      | Reached XP level 3. HP: 33/33 MP: 2/2
  1026 | D:2      | Reached ** piety under Trog
  1663 | D:2      | Reached XP level 4. HP: 41/41 MP: 3/3
  1947 | D:3      | Noticed Natasha
  1950 | D:3      | Killed Natasha
  1951 | D:3      | Reached skill level 5 in Maces & Flails
  2070 | D:3      | Found a faded altar of an unknown god.
  2070 | D:3      | Found a hazy altar of Hepliaklqana.
  2070 | D:3      | Found a faded altar of an unknown god.
  2146 | D:3      | Noticed Natasha
  2156 | D:3      | Killed Natasha
  2217 | D:3      | Noticed Natasha
  2228 | D:3      | Killed Natasha
  2229 | D:3      | Reached XP level 5. HP: 21/47 MP: 4/4
  2445 | D:3      | Reached skill level 5 in Fighting
  2814 | D:3      | Reached *** piety under Trog
  2818 | D:3      | Noticed Grinder
  2821 | D:3      | Paralysed by Grinder for 2 turns
  2847 | D:3      | Paralysed by Grinder for 2 turns
  2849 | D:3      | Killed Grinder
  2850 | D:3      | Reached XP level 6. HP: 21/56 MP: 5/5
  3334 | D:4      | Reached skill level 1 in Stealth
  3334 | D:4      | Reached XP level 7. HP: 61/61 MP: 6/6
  3667 | D:4      | Noticed Pikel
  3691 | D:4      | Killed Pikel
  3692 | D:4      | Reached skill level 1 in Unarmed Combat
  3692 | D:4      | Reached XP level 8. HP: 23/71 MP: 7/7
  4825 | D:5      | Entered Level 5 of the Dungeon
  4990 | D:5      | Reached skill level 5 in Dodging
  5027 | D:5      | Found a sacrificial altar of Ru.
  5596 | D:5      | Reached skill level 5 in Armour
  5693 | D:5      | Found a sparkling altar of Nemelex Xobeh.
  6670 | D:6      | Reached skill level 1 in Axes
  6750 | D:6      | Reached skill level 2 in Axes
  6750 | D:6      | Reached XP level 9. HP: 79/79 MP: 8/8
  6830 | D:6      | Identified the +5 giant club "Hatydav" {freeze, Stlth+}
  6830 | D:6      | Noticed Dittersdorf's ghost (novice GrFi)
  6960 | D:6      | Found a staircase to the Ecumenical Temple.
  6995 | D:6      | Reached skill level 3 in Axes
  7259 | D:6      | Found a transporter.
  7264 | D:6      | Found a transporter.
  7487 | D:6      | You fall into a shaft and drop 2 floors!
  7721 | D:8      | Found a runed translucent gate.
  7722 | D:8      | Found a runed translucent gate.
  7722 | D:8      | Found a runed translucent gate.
  7722 | D:8      | Noticed a brown ugly thing
  7722 | D:8      | Noticed a glowing orange brain
  7722 | D:8      | Noticed a white ugly thing
  8100 | D:7      | Reached skill level 4 in Axes
  8127 | D:7      | Reached **** piety under Trog
  8392 | D:6      | Found a shimmering altar of Xom.
  8628 | D:7      | Reached skill level 5 in Axes
  8737 | D:7      | Reached skill level 6 in Axes
  8897 | D:7      | Noticed Dowan
  8900 | D:7      | Noticed Duvessa
  8905 | D:7      | Killed Duvessa
  8912 | D:7      | Killed Dowan
  8913 | D:7      | Reached skill level 7 in Axes
  9291 | D:7      | Found a runed translucent door.
  9292 | D:7      | Noticed Crazy Yiuf
  9298 | D:7      | Killed Crazy Yiuf
  9749 | D:8      | Noticed a purple ugly thing
  9750 | D:8      | Noticed a red ugly thing
  9751 | D:8      | Noticed a brown ugly thing
  9912 | D:8      | Reached skill level 8 in Axes
 10302 | D:9      | Reached XP level 10. HP: 88/88 MP: 9/9
 10447 | D:9      | Reached skill level 9 in Axes
 10448 | D:9      | Reached ***** piety under Trog
 10684 | D:9      | Found a staircase to the Lair.
 10751 | D:9      | Reached skill level 10 in Axes
 11259 | D:9      | Found a snail-covered altar of Cheibriados.
 11540 | Lair:1   | Entered Level 1 of the Lair of Beasts
 11558 | Lair:1   | Reached skill level 11 in Axes
 11610 | Lair:1   | Noticed a cane toad
 11617 | Lair:1   | Killed a cane toad
 11739 | Lair:1   | HP: 4/91 [komodo dragon (17)]
 11740 | Lair:1   | Mangled by a komodo dragon

Illustrated notes

Levels and vault maps discovered:
D:1:      mushboom_english_gardens, layout_basic
D:2:      layout_loops_cross, grunt_ministairs_13, kennysheep_generic_room_8
D:3:      minmay_bubble_buster, layout_loops_cross,
          nicolae_hepliaklqana_ecumenical_no_more, uniq_grinder, uniq_natasha
D:4:      layout_rooms, uniq_pikel
D:5:      layout_basic, nemelex_diamond_rough_becter,
          nicolae_ru_sacrificial_ziggurat
D:6:      layout_loops_ring, mainiacjoe_overflow_alcove_4,
          minmay_temple_entry_overgrown, gammafunk_ghost_smash,
          kennysheep_small_square
D:7:      layout_basic, mainiacjoe_overflow_alcove_2, minmay_fountain_box,
          uniq_duvessa, uniq_crazy_yiuf_cottage
D:8:      layout_loops_ring, mainiacjoe_overflow_24_doors,
          ploomutoo_gammafunk_ghost_potion_laboratory, hangedman_decor_riveting
D:9:      hellmonk_destroyed_diamonds, layout_gridville, general_overflow_altar,
          serial_ice, serial_ice_l, serial_ice_c, serial_ice_f, serial_ice_n,
          special_room [special_room_orc], nicolae_nh_ransacked_shop
Lair:1:   layout_concentric_octagons, serial_bayou_shore_b

Skill      XL: |  1  2  3  4  5  6  7  8  9 10 |
---------------+-------------------------------+-----
Maces & Flails | 4 5 6 7 8 9 |  9.5
Fighting       | 4 5 6 7 8 9 |  9.4
Dodging        | 3 4 5 6 |  6.0
Armour         | 3 4 6 7 8 |  8.5
Stealth        | 1 2 |  2.5
Unarmed Combat | 1 |  1.1
Axes           | 2 8 11 | 11.5

Action                     |  1- 3 |  4- 6 |  7- 9 | 10-12 || total
---------------------------+-------+-------+-------+-------++-------
  Melee: Mace              |    71 |   103 |     8 |       ||   182
         Headbutt          |     5 |    22 |    46 |    21 ||    94
         Punch             |       |     2 |       |       ||     2
         Unarmed           |       |     5 |       |       ||     5
         Dire flail        |       |       |    68 |       ||    68
         Battleaxe         |       |       |   190 |   145 ||   335
    Use: Scroll            |       |     1 |       |       ||     1
         Potion            |       |     1 |       |       ||     1
   Stab: Sleeping          |     1 |       |       |       ||     1
 Armour: Animal skin       |    16 |       |       |       ||    16
         Leather armour    |     2 |    23 |     2 |       ||    27
         Ring mail         |       |       |    24 |       ||    24
         Skin              |       |       |     2 |       ||     2
         Plate armour      |       |       |   140 |   113 ||   253
  Dodge: Dodged            |    51 |    61 |   256 |   157 ||   525

Table legend: (Time is in decaauts)
 A = Elapsed time spent in this place.
 B = Non-inter-level travel time spent in this place.
 C = Inter-level travel time spent in this place.
 D = Time resting spent in this place.
 E = Time spent auto-exploring this place.
 F = Levels seen in this place.
 G = Mean time per level.
                   A        B        C        D        E       F      G
               +--------+--------+--------+--------+--------+-----+--------+
         Total |  11849 |   4183 |   7666 |   1374 |      3 |  10 | 1184.9 |
       Dungeon |  11646 |   4054 |   7592 |   1354 |      3 |   9 | 1294.0 |
          Lair |    202 |    128 |     74 |     20 |      0 |   1 |  202.0 |
               +--------+--------+--------+--------+--------+-----+--------+

Top non-repeatable levels by time:
     D:5: 1623 daAuts
     D:3: 1608 daAuts
     D:4: 1511 daAuts
     D:6: 1418 daAuts
     D:7: 1301 daAuts
     D:9: 1275 daAuts
     D:8: 1023 daAuts
     D:1: 1007 daAuts
     D:2: 875 daAuts
  Lair:1: 202 daAuts
